 Dungeon Crawl Stone Soup version 0.31-a0-889-g1a8549509d (webtiles) character file.

Game seed: 1441533031875308646

1657 Kurtz the Cleaver (level 9, -5/81 HPs)
             Began as a Naga Delver on Oct 16, 2023.
             Slain by a two-headed ogre
             ... wielding a +0 giant club
              (15 damage)
             ... on level 6 of the Dungeon.
             The game lasted 00:13:29 (7135 turns).

Kurtz the Cleaver (Naga Delver)                     Turns: 7135, Time: 00:13:29

Health: -5/81      AC:  8    Str: 16    XL:     9   Next: 0%
Magic:  9/9        EV:  5    Int: 12    God:
Gold:   80         SH: 14    Dex: 19    Spells: 8/8 levels left

rFire   . . .        t - +0 war axe
rCold   . . .        r - +0 tower shield
rNeg    . . .        y - +1 scale mail "Yfoha" {rPois Dex+5}
rPois   +            (no helmet)
rElec   .            o - +0 cloak
rCorr   .            (no gloves)
SInv    +            (no barding)
Will    +....        A - amulet of the acrobat
Stlth   ++           u - ring of flight
HPRegen 0.33/turn    p - ring of wizardry
MPRegen 0.11/turn

%: acrobat, wizardry (x1)
@: flying, hasted, quick
A: AC +3, large, see invisible, deformed body, poison resistance, slowness 2,
spit poison 1, naga tail 1
a: Spit Poison


You were on level 6 of the Dungeon.
You visited 1 branch of the dungeon, and saw 6 of its levels.

You collected 314 gold pieces.
You spent 234 gold pieces at shops.

Inventory:

Hand Weapons
 b - a +2 flail of holy wrath
 t - a +0 war axe (weapon)
Missiles
 C - 11 poisoned darts
 E - 4 boomerangs
Armour
 o - a +0 cloak (worn)
 r - a +0 tower shield (worn)
 y - the +1 scale mail "Yfoha" (worn) {rPois Dex+5}
   (You bought it in a shop on level 2 of the Dungeon)

   Dex+5:     It affects your dexterity (+5).
   rPois:     It protects you from poison
Jewellery
 p - a ring of wizardry (right hand)
 u - a ring of flight (left hand)
 A - an amulet of the acrobat (around neck)
Wands
 g - a wand of digging (3)
Scrolls
 c - 5 scrolls of fog
 d - 2 scrolls of revelation
 e - 2 scrolls of fear
 h - a scroll of amnesia {unknown}
 j - 2 scrolls of identify {unknown}
 k - 2 scrolls of teleportation {unknown}
 l - a scroll of summoning {unknown}
 n - 4 scrolls of poison {unknown}
 q - a scroll of blinking {unknown}
 z - 2 scrolls of silence {unknown}
 D - a scroll of immolation {unknown}
Potions
 a - a potion of degeneration {unknown}
 f - 2 potions of haste
 i - a potion of cancellation {unknown}
 m - a potion of magic {unknown}
 s - 3 potions of curing {unknown}
 w - a potion of resistance {unknown}
 x - a potion of attraction {unknown}
 F - 2 potions of might {unknown}


   Skills:
 * Level 5.4 Fighting
 * Level 8.5 Axes
 * Level 3.2 Dodging
 - Level 7.2 Stealth
 * Level 4.0 Shields


You had 8 spell levels left.
You didn't know any spells.
Your spell library contained the following spells:

 Spells                   Type           Power      Damage    Failure   Level
 Gell's Gravitas          Tloc           0%         N/A       100%        3
 Ozocubu's Armour         Ice            0%         N/A       100%        3
 Teleport Other           Tloc           0%         N/A       100%        3
 Dispersal                Tloc           0%         N/A       100%        6
 Ozocubu's Refrigeration  Ice            0%         4d7       100%        7


Dungeon Overview and Level Annotations

Branches:
Dungeon (6/15)
 Temple: D:4-7

Altars:
Dithmenos
Elyvilon
Gozag
Hepliaklqana
Kikubaaqudgha
Sif Muna
Vehumet
Wu Jian
Zin

Shops:
D:2 ([   D:6 *

Annotations:
D:3 exclusion: downstairs
D:4 exclusions: door and jelly


Innate Abilities, Weirdness & Mutations

Your serpentine skin is tough. (AC +3)
You have supernaturally acute eyesight. (SInv)
Armour fits poorly on your strangely shaped body.
Your system is resistant to poisons. (rPois)
You cover ground very slowly.
You can spit poison.
You have a snake-like lower body.


Message History

The two-headed ogre is moderately wounded.
The two-headed ogre barely misses you.
The two-headed ogre hits you with a +0 giant spiked club!
Aiming: Paralyse
Press: ? - help, Q - select action, (/) - cycle Shift-Dir - straight line, f - two-headed ogre
Aim: a two-headed ogre, wielding a +0 giant club and a +0 giant spiked club (moderately wounded, chance to affect: 31%)
The two-headed ogre easily resists.
The now-empty wand crumbles to dust.
The two-headed ogre barely misses you. You block the two-headed ogre's attack.
Aiming: Quicksilver Bolt
Press: ? - help, Q - select action, (/) - cycle Shift-Dir - straight line, f/p - two-headed ogre
Aim: a two-headed ogre, wielding a +0 giant club and a +0 giant spiked club (moderately wounded, 86% to hit)
The bolt of dispelling energy hits the two-headed ogre!
The two-headed ogre is heavily wounded.
The now-empty wand crumbles to dust.
You feel yourself speed up.
The two-headed ogre hits you with a +0 giant club!!
You block the two-headed ogre's attack.
You slash the two-headed ogre!
The two-headed ogre is severely wounded.
The two-headed ogre hits you with a +0 giant club!
* * * LOW HITPOINT WARNING * * *
The two-headed ogre hits you with a +0 giant spiked club!
* * * LOW HITPOINT WARNING * * *
Unknown command.
You barely miss the two-headed ogre.
The two-headed ogre is severely wounded.
Unknown command.
You hit the two-headed ogre but do no damage.
The two-headed ogre is severely wounded.
You block the two-headed ogre's attack.
The two-headed ogre hits you with a +0 giant spiked club.
* * * LOW HITPOINT WARNING * * *
Unknown command.
You barely miss the two-headed ogre.
The two-headed ogre is severely wounded.
Unknown command.
You barely miss the two-headed ogre.
The two-headed ogre is severely wounded.
The two-headed ogre hits you with a +0 giant club!
You die...

...###........#
.####.........#
..............#
..............#
..............#
..............#
.......)......#
#+###...#.#########
........#.#....O@.#
....)...#.#.#####.#
........#.# #.#
#####.###.# #.#
#..##.# #.# ##)##.#
#.# #.##.#######.#
#.##.#.......#
#.#..#.#######


You could see a two-headed ogre.

Vanquished Creatures
  Sigmund (D:5)
  An ice beast (D:4)
  3 ogres
  A centaur (D:6)
  A kobold brigand (D:6)
  Blork the orc (D:5)
  A scorpion (D:5)
  4 wights
  An electric eel (D:6)
  3 hounds
  2 jellies (D:6)
  2 orc priests
  5 iguanas
  4 orc wizards
  A sleepcap (D:5)
  3 gnolls (D:5)
  4 adders
  A shadow imp (D:5)
  2 ufetubi (D:6)
  A worm (D:2)
  2 dart slugs
  22 orcs
  8 bats
  4 endoplasms
  2 giant cockroaches
  6 goblins
  3 hobgoblins
  8 kobolds
  4 quokkas
  6 ball pythons
  A frilled lizard (D:1)
  7 rats
115 creatures vanquished.

Notes
Turn   | Place    | Note
-------+----------+-------------------------------------------
     0 | D:5      | Kurtz the Naga Delver began the quest for the Orb.
     0 | D:5      | Reached XP level 1. HP: 21/21 MP: 1/1
   139 | D:4      | Noticed an ogre
   139 | D:4      | Noticed an orc priest
   139 | D:4      | Noticed an orc wizard
   260 | D:4      | Noticed a jelly
   276 | D:4      | Reached XP level 2. HP: 22/28 MP: 2/2
   320 | D:4      | Noticed an ogre
   360 | D:2      | Reached skill level 3 in Axes
   483 | D:2      | Found Mukkuathrie's Antique Weapon Emporium.
   523 | D:2      | Found Sahyiffi's Antique Armour Shop.
   651 | D:1      | Reached XP level 3. HP: 31/34 MP: 3/3
  1528 | D:2      | Reached skill level 4 in Axes
  1528 | D:2      | Reached XP level 4. HP: 28/42 MP: 4/4
  2625 | D:4      | Noticed an ice beast
  2627 | D:4      | Killed an ice beast
  2628 | D:4      | Reached skill level 5 in Axes
  2628 | D:4      | Reached XP level 5. HP: 49/49 MP: 5/5
  2895 | D:4      | Reached XP level 6. HP: 52/56 MP: 6/6
  3096 | D:2      | Bought a heavily runed scale mail for 234 gold pieces
  3096 | D:2      | Identified the +1 scale mail "Yfoha" {rPois Dex+5} (You
                  | bought it in a shop on level 2 of the Dungeon)
  3301 | D:4      | Reached skill level 1 in Shields
  3396 | D:4      | Found a white marble altar of Elyvilon.
  3558 | D:4      | Found a glowing silver altar of Zin.
  3558 | D:4      | Found a radiant altar of Vehumet.
  3559 | D:4      | Found an ancient bone altar of Kikubaaqudgha.
  3559 | D:4      | Found an opulent altar of Gozag.
  3559 | D:4      | Found a shimmering blue altar of Sif Muna.
  3560 | D:4      | Found a hazy altar of Hepliaklqana.
  3560 | D:4      | Found an ornate altar of the Wu Jian Council.
  3561 | D:4      | Found a shadowy altar of Dithmenos.
  3575 | D:4      | Reached skill level 6 in Axes
  3907 | D:5      | Reached XP level 7. HP: 63/63 MP: 7/7
  4398 | D:5      | Noticed Sigmund
  4443 | D:5      | Killed Sigmund
  4522 | D:5      | Reached skill level 7 in Axes
  4722 | D:5      | Reached XP level 8. HP: 69/73 MP: 8/8
  5006 | D:5      | Noticed Blork the orc
  5015 | D:5      | Killed Blork the orc
  6155 | D:6      | Reached skill level 5 in Fighting
  6155 | D:6      | Reached skill level 8 in Axes
  6355 | D:6      | Found Orilafy's General Store.
  7027 | D:6      | Reached XP level 9. HP: 76/81 MP: 9/9
  7124 | D:6      | Noticed a two-headed ogre
  7135 | D:6      | Slain by a two-headed ogre

Illustrated notes

Levels and vault maps discovered:
D:1:      co_arrival_square_in_a_square_in_a_square, layout_basic,
          minmay_tetromino_s2
D:2:      layout_loops_ring, serial_shops, shop, nicolae_shop_window_shopping
D:3:      layout_loops_ring, guppyfry_early_lair_pool
D:4:      layout_loops_corners, grunt_temple_overflow_open, lemuel_round_altar
D:5:      layout_loops_cross, roderic_lattice_a, uniq_sigmund,
          uniq_blork_the_orc
D:6:      layout_basic, minmay_temple_entry_from_below_a, serial_shops,
          kennysheep_mini_moat, chequers_serial_rivers_micro_e, roderic_batcave,
          minmay_crystal_water

Skill      XL: |  1  2  3  4  5  6  7  8 |
---------------+-------------------------+-----
Axes           | 3 4 5 6 7 8 |  8.5
Dodging        | 2 3 |  3.2
Shields        | 1 2 4 |  4.0
Fighting       | 4 5 |  5.4
Stealth        | |  7.2

Action                     |  1- 3 |  4- 6 |  7- 9 || total
---------------------------+-------+-------+-------++-------
  Melee: Hand axe          |   111 |    30 |       ||   141
         Punch             |     2 |       |       ||     2
         War axe           |       |    27 |   208 ||   235
  Throw: Dart              |       |       |     2 ||     2
         Throwing net      |       |       |     2 ||     2
         Boomerang         |       |       |     2 ||     2
Ability: Spit Poison       |     1 |     4 |     4 ||     9
  Evoke: Wand              |       |     7 |    14 ||    21
    Use: Potion            |       |       |     2 ||     2
         Scroll            |       |       |     1 ||     1
   Stab: Sleeping          |    15 |     2 |       ||    17
         Paralysed         |       |       |     4 ||     4
         Distracted        |       |       |     1 ||     1
         Held in net/web   |       |       |     1 ||     1
 Armour: Leather armour    |    51 |       |       ||    51
         Chain mail        |    25 |    34 |       ||    59
         Scale mail        |       |     6 |   169 ||   175
  Dodge: Dodged            |    51 |    17 |    63 ||   131
  Block: Tower shield      |       |    14 |   172 ||   186

Table legend: (Time is in decaauts)
 A = Elapsed time spent in this place.
 B = Non-inter-level travel time spent in this place.
 C = Inter-level travel time spent in this place.
 D = Time resting spent in this place.
 E = Time spent auto-exploring this place.
 F = Levels seen in this place.
 G = Mean time per level.
                   A        B        C        D        E       F      G
               +--------+--------+--------+--------+--------+-----+--------+
         Total |   9028 |   8428 |    600 |   1878 |   4750 |   6 | 1504.7 |
       Dungeon |   9028 |   8428 |    600 |   1878 |   4750 |   6 | 1504.7 |
               +--------+--------+--------+--------+--------+-----+--------+

Top non-repeatable levels by time:
     D:5: 2223 daAuts
     D:6: 1826 daAuts
     D:2: 1481 daAuts
     D:4: 1392 daAuts
     D:3: 1116 daAuts
     D:1: 987 daAuts
